 Dungeon Crawl Stone Soup version 0.28.0-43-g3370ac3207 (webtiles) character file.

Game seed: 581166684357400387

4298 issech the Basher (level 10, -2/90 HPs)
             Began as a Troll Monk on Mar 20, 2022.
             Was a Believer of Hepliaklqana.
             Slain by an orc warrior
             ... wielding a +0 glaive
              (20 damage)
             ... on level 9 of the Dungeon.
             The game lasted 00:27:35 (7121 turns).

issech the Basher (Troll Monk)                      Turns: 7121, Time: 00:27:36

Health: -2/90      AC:  6    Str: 21    XL:     10   Next: 11%
Magic:  9/9        EV: 12    Int:  6    God:    Hepliaklqana [**....]
Gold:   309        SH:  0    Dex: 16    Spells: 9/9 levels left

rFire   + . .      SeeInvis .   M - +4 mace
rCold   . . .      Faith    .   (no shield)
rNeg    . . .      Spirit   .   b - +0 robe
rPois   .          Reflect  .   c - +1 hat
rElec   .          Harm     .   m - +0 cloak
rCorr   .          Rampage  .   (gloves unavailable)
Will    .....                   (boots unavailable)
Stlth   ++........              r - amulet of regeneration
HPRegen 1.85/turn               F - ring of protection from fire
MPRegen 0.11/turn               (no ring)

@: no status effects
A: reduced essence, large, unfitting armour, claws 3, regeneration 1, shaggy fur
1, tough skin 1
a: Renounce Religion, Recall Ancestor, Ancestor Identity


You were on level 9 of the Dungeon.
You worshipped Hepliaklqana.
Hepliaklqana was pleased with you.
You visited 2 branches of the dungeon, and saw 10 of its levels.

You collected 309 gold pieces.

Inventory:

Hand Weapons
 e - a +1 dagger of chaos
 f - a +0 shortbow
 v - a +0 hand axe of holy wrath
 G - a +0 short sword of freezing
 M - a +4 mace (weapon)
 N - a +0 whip of electrocution
Missiles
 g - 110 arrows
 l - 259 stones
 n - 3 javelins (quivered)
 p - 63 sling bullets
 x - 21 bolts
 A - 2 throwing nets
 C - 7 poisoned darts
 H - 2 boomerangs of dispersal
 L - 3 boomerangs
Armour
 b - a +0 robe (worn)
 c - a +1 hat (worn)
 m - a +0 cloak (worn)
 y - a scarf of resistance
 z - an orb of mayhem
Jewellery
 r - an amulet of regeneration (around neck)
 F - a ring of protection from fire (left claw)
Wands
 I - a wand of polymorph (3)
 J - a wand of iceblast (12)
Scrolls
 d - a scroll of fear
 i - 3 scrolls of vulnerability
 q - 3 scrolls of brand weapon
 u - a scroll of magic mapping
 w - 5 scrolls of teleportation
 B - 3 scrolls of enchant weapon
 E - 2 scrolls of identify
Potions
 a - a potion of brilliance {unknown}
 h - 2 potions of might {unknown}
 j - 3 potions of curing {unknown}
 k - 2 potions of heal wounds {unknown}
 o - 3 potions of haste {unknown}
 s - a potion of mutation {unknown}
 t - 2 potions of degeneration {unknown}
 D - 2 potions of ambrosia {unknown}
 K - 3 potions of lignification {unknown}


   Skills:
 + Level 6.3 Fighting
 + Level 9.9 Maces & Flails
 + Level 0.1 Throwing
 + Level 6.2 Dodging
 + Level 2.4 Stealth


You had 9 spell levels left.
You didn't know any spells.
Your spell library contained the following spells:

 Spells                   Type           Power      Damage    Failure   Level
 Foxfire                  Conj/Fire      0%         2x1d4     45%         1
 Corpse Rot               Necr/Air       0%         N/A       58%         2
 Poisonous Vapours        Pois/Air       0%         N/A       58%         2
 Conjure Flame            Conj/Fire      0%         6-21      83%         3
 Dazzling Flash           Conj/Hex       0%         N/A       83%         3
 Inner Flame              Hex/Fire       0%         N/A       83%         3
 Portal Projectile        Hex/Tloc       0%         N/A       83%         3
 Swiftness                Air            0%         N/A       83%         3
 Flame Wave               Conj/Fire      0%         2d4       99%         4
 Leda's Liquefaction      Hex/Erth       0%         N/A       99%         4
 Lee's Rapid Deconstruct  Erth           0%         3d5*      100%        5
 Statue Form              Tmut/Erth      0%         N/A       100%        6


Dungeon Overview and Level Annotations

Branches:
Dungeon (9/15)             Temple (1/1) D:6            Lair (0/6) D:9
    Orc: D:9-12

Altars:
Ashenzari
Cheibriados
Dithmenos
Elyvilon
Hepliaklqana
Makhleb
Okawaru
Ru
Sif Muna
Trog
Uskayaw
Wu Jian
Xom
Yredelemnul
Zin
The Shining One

Annotations:
D:8 Maurice


Innate Abilities, Weirdness & Mutations

Your life essence is reduced to manifest your ancestor. (-10% HP)
You are too large for most types of armour.
You have claws for hands.
Your natural rate of healing is unusually fast.
You are covered in fur. (AC +1)
You have tough skin. (AC +1)


Message History

You hit the orc warrior but do no damage.
You hit the two-headed ogre but do no damage.
The two-headed ogre is severely wounded.
The orc warrior closely misses you.
Unknown command.
You hit the two-headed ogre.
The two-headed ogre is severely wounded.
The two-headed ogre barely misses you. The two-headed ogre misses you.
The orc warrior hits you from afar with a +0 glaive.
You hit the two-headed ogre.
The two-headed ogre is almost dead.
The two-headed ogre closely misses you. x2
You hit the two-headed ogre.
The two-headed ogre is almost dead.
The orc warrior completely misses you.
The two-headed ogre hits you with a +0 giant club! x2
You sock the two-headed ogre!
You kill the two-headed ogre!
The orc warrior barely misses you.
You have reached level 10!
You sock the orc!
You kill the orc!
The orc warrior hits you from afar with a +0 glaive!
The orc warrior hits you with a +0 glaive!
The orc barely misses you.
Items here: ))) †.
You thump the orc!
You kill the orc!
The orc warrior hits you with a +0 glaive!
You hit the orc warrior but do no damage.
The orc warrior hits you with a +0 glaive!!
* * * LOW HITPOINT WARNING * * *
You sock the orc warrior!
The orc warrior is moderately wounded.
The orc warrior closely misses you.
Unknown command.
You sock the orc warrior!
The orc warrior is severely wounded.
The orc warrior hits you with a +0 glaive!!
You die... #............# ..Y #............# ..# #............# ..# #............# YY#

#######^...........###########..#
....(.(...........$..............
..............................>..
#####..#########)o..........#####
#.§# #@#########.Y# #####§.# #)#
#.Y#
.......#########.#########..#####
......§.......................##.
..............................#≈.
############.###############..#≈.
#######.# #..#≈.
........###############..#≈.
...............<.........#≈.


You could see an orc warrior.

Vanquished Creatures
  A two-headed ogre (D:9)
  Pikel (D:8)
  4 yaks (D:9)
  A wyvern (D:9)
  A steam dragon (D:7)
  A water moccasin (D:7)
  A black bear (D:6)
  2 orc warriors (D:7)
  An ice beast (D:7)
  A sky beast (D:6)
  3 lemures (D:8)
  A centaur (D:8)
  2 kobold brigands (D:6)
  3 bullfrogs (D:7)
  4 scorpions
  Blork the orc (D:6)
  3 killer bees (D:7)
  A howler monkey (D:6)
  A crimson imp (D:4)
  3 bullfrog zombies
  A centaur zombie (D:7)
  A jelly (D:6)
  A centaur skeleton (D:7)
  8 iguanas
  3 orc wizards (D:7)
  A hound zombie (D:5)
  4 gnolls (D:7)
  4 adders
  2 white imps
  An ufetubus (D:5)
  A worm (D:4)
  4 dart slugs
  12 orcs
  10 ball pythons
  7 bats
  9 endoplasms
  3 giant cockroaches (D:1)
  7 goblins
  9 hobgoblins
  4 jackals
  17 kobolds
  2 quokkas (D:2)
  3 frilled lizards
  A quokka skeleton (D:4)
  7 rats
  A spectral goblin (D:9)
159 creatures vanquished.

Vanquished Creatures (collateral kills)
  Sigmund (D:4)
  A centaur (D:9)
2 creatures vanquished.

Vanquished Creatures (others)
  A battlemage (D:9)
  10 plants (D:3)
11 creatures vanquished.

Grand Total: 172 creatures vanquished

Notes
Turn   | Place    | Note
-------+----------+-------------------------------------------
     0 | D:1      | issech the Troll Monk began the quest for the Orb.
     0 | D:1      | Reached XP level 1. HP: 22/22 MP: 0/0
    51 | D:1      | Reached XP level 2. HP: 29/29 MP: 1/1
   100 | D:1      | Reached skill level 3 in Maces & Flails
   251 | D:1      | Reached XP level 3. HP: 35/36 MP: 2/2
  1112 | D:2      | Reached XP level 4. HP: 44/44 MP: 3/3
  1492 | D:3      | Found a shadowy altar of Dithmenos.
  1881 | D:3      | Noticed a scorpion
  1891 | D:3      | Killed a scorpion
  1892 | D:3      | Reached skill level 4 in Maces & Flails
  1892 | D:3      | Reached XP level 5. HP: 28/52 MP: 4/4
  2190 | D:3      | Found a faded altar of an unknown god.
  2764 | D:4      | Noticed Sigmund
  3032 | D:4      | Killed Sigmund
  3033 | D:4      | Reached skill level 5 in Maces & Flails
  3033 | D:4      | Reached XP level 6. HP: 35/61 MP: 5/5
  3064 | D:4      | Found a burning altar of Makhleb.
  3064 | D:4      | Found a shimmering altar of Xom.
  3121 | D:5      | Entered Level 5 of the Dungeon
  3230 | D:5      | Reached XP level 7. HP: 58/67 MP: 6/6
  3476 | D:5      | Found a glowing golden altar of the Shining One.
  4112 | D:6      | Reached skill level 6 in Maces & Flails
  4415 | D:6      | Noticed Blork the orc
  4429 | D:6      | Killed Blork the orc
  4430 | D:6      | Reached XP level 8. HP: 68/78 MP: 7/7
  4479 | D:6      | Found a staircase to the Ecumenical Temple.
  4506 | D:6      | Got Sif Muna's Guide on the Birds and Malediction
  4513 | Temple   | Entered the Ecumenical Temple
  5653 | D:7      | Reached skill level 7 in Maces & Flails
  5670 | D:7      | Reached skill level 5 in Dodging
  5848 | D:7      | Reached skill level 5 in Fighting
  5863 | D:7      | Reached XP level 9. HP: 63/88 MP: 8/8
  5927 | D:7      | Reached skill level 8 in Maces & Flails
  6141 | D:7      | Found an iron altar of Okawaru.
  6519 | D:8      | Noticed Maurice
  6722 | D:8      | Found a hide-covered altar of Uskayaw.
  6760 | D:8      | Noticed Pikel
  6785 | D:8      | Killed Pikel
  6914 | D:9      | Found a staircase to the Lair.
  6927 | D:9      | Reached skill level 9 in Maces & Flails
  6981 | D:9      | Found a hazy altar of Hepliaklqana.
  7000 | D:9      | Became a worshipper of Hepliaklqana the Forgotten
  7000 | D:9      | Reached * piety under Hepliaklqana
  7000 | D:9      | Reached ** piety under Hepliaklqana
  7001 | D:9      | Remembered your ancestor Wolf as a battlemage
  7093 | D:9      | Noticed a two-headed ogre
  7115 | D:9      | Killed a two-headed ogre
  7116 | D:9      | Reached XP level 10. HP: 63/90 MP: 9/9
  7121 | D:9      | Slain by an orc warrior

Illustrated notes

Levels and vault maps discovered:
D:1:      lemuel_arrival_broad_hall, layout_rooms, minmay_misc_feat_cross
D:2:      layout_basic
D:3:      layout_loops_ring, mainiacjoe_overflow_small_starburst,
          shapermc_ecumenical_altar_pompeii, serial_glass, glass_columns_a,
          glass_columns_a, serial_bayou_lagoon_a
D:4:      layout_basic, grunt_temple_overflow_champion_of_chaos, uniq_sigmund
D:5:      layout_cave_pools, lemuel_tele_altar, lemuel_old_faithful
D:6:      cheibrodos_thug_alley, layout_basic, minmay_temple_entry_offerings,
          grunt_ministairs_10, uniq_blork_the_orc
D:7:      layout_basic, nicolae_overflow_hidden_temple
D:8:      cheibrodos_two_vegetables, layout_basic,
          nicolae_kikubaaqudgha_miasma_corner, marbit_many_paths,
          mainiacjoe_overflow_paths, uniq_maurice, uniq_joseph, uniq_pikel
D:9:      layout_long_grid, nicolae_hepliaklqana_monster_ancestors,
          kennysheep_little_box, lair_entry_dummy, hellmonk_bongcloud_opening
Temple:   compressed_dpeg_triangle_lava_temple

Skill      XL: |  1  2  3  4  5  6  7  8  9 |
---------------+----------------------------+-----
Maces & Flails | 3 4 5 6 7 9 |  9.9
Dodging        | 3 4 5 6 |  6.2
Fighting       | 3 4 5 6 |  6.3
Stealth        | 2 |  2.4
Throwing       | |  0.1

Action                   |  1- 3 |  4- 6 |  7- 9 | 10-12 || total
-------------------------+-------+-------+-------+-------++-------
Melee: Mace              |   137 |   164 |   411 |     5 ||   717
       Punch             |     2 |     3 |     9 |       ||    14
       Flail             |       |       |    84 |       ||    84
Throw: Javelin           |       |       |     2 |       ||     2
Invok: Ancestor Life: Ba |       |       |     1 |       ||     1
  Use: Scroll            |       |     5 |     4 |       ||     9
 Stab: Sleeping          |     4 |     2 |     2 |       ||     8
Armor: Robe              |    92 |    54 |   140 |       ||   286
Dodge: Dodged            |   100 |    91 |   274 |     2 ||   467
